AoeStats
← 海霸天

MegaRandom

508385054Analyzed
4v4 RM · 11d ago on Sep 22, 2026· 64m 35s· 8 players
Game mode
Random Map
Map size
Large (8 player)
Population
200
Speed
Normal
Resources
Standard
Victory
Conquest
Starting age
Dark Age
Ending age
Imperial Age
RankedLock teamsTeams togetherTeam positionsShared explorationLock speedFull tech treeHidden civsTurbo modeCheats
Victory
Defeat
🇹🇼 Malians · Taiwan
636
+19
🇪🇸 Japanese · Spain
516
+23
🇨🇳 Franks · China
462
+26
🇦🇩 Burgundians · Andorra
447
+25
🇩🇪 Khmer · Germany
709
-24
🇨🇱 Mapuche · Chile
694
-24
🇺🇦 Italians · Ukraine
687
-23
🇦🇷 Magyars · Argentina
661
-22
helenedu92
3:13 Loom
6:55 Wheelbarrow
11:00 Horse Collar
14:18 Fishing Lines
15:28 Double-Bit Axe
18:39 Feudal Age
20:24 Gillnets
20:49 Heavy Plow
24:32 Bow Saw
24:24 Town Watch
28:52 Hand Cart
31:03 Gold Mining
33:50 Castle Age
32:34 Gold Shaft Mining
31:51 Stone Mining
34:47 Forging
34:43 Scale Barding Armor
34:29 Fletching
34:29 Arson
37:48 Town Patrol
40:11 Two-Man Saw
39:41 Scale Mail Armor
40:17 Iron Casting
40:03 Chain Barding Armor
39:39 Bodkin Arrow
40:59 Murder Holes
41:15 Masonry
45:43 Burgundian Vineyards
48:15 Crop Rotation
50:47 Imperial Age
49:12 Husbandry
48:33 Cavalier
50:28 Caravan
50:39 Guilds
50:54 Paladin
53:36 Blast Furnace
53:13 Plate Barding Armor
52:53 Chain Mail Armor
52:47 Bracer
52:16 Pikeman
52:57 Squires
52:57 Elite Coustillier
54:22 Hoardings
56:38 Halberdier
57:51 Plate Mail Armor
60:12 Chemistry
59:33 Ballistics
59:05 Guard Tower
59:31 Fortified Wall
59:53 Architecture
59:04 Treadmill Crane
sergiomn19
3:43 Loom
11:16 Feudal Age
15:59 Castle Age
14:12 Double-Bit Axe
14:14 Horse Collar
15:55 Gold Mining
17:31 Bow Saw
20:55 Town Watch
21:49 Heavy Plow
22:16 Stone Mining
24:18 Gold Shaft Mining
25:12 Wheelbarrow
24:48 Fletching
25:19 Forging
25:36 Padded Archer Armor
27:26 Hand Cart
27:47 Bodkin Arrow
28:14 Leather Archer Armor
28:03 Scale Mail Armor
28:35 Town Patrol
29:37 Iron Casting
30:27 Chain Mail Armor
30:19 Scale Barding Armor
31:48 Ballistics
31:25 Murder Holes
31:42 Masonry
31:13 Treadmill Crane
35:26 Imperial Age
33:40 Chain Barding Armor
34:14 Thumb Ring
34:15 Husbandry
34:32 Bloodlines
34:57 Yasama
38:22 Chemistry
37:31 Bracer
38:03 Ring Archer Armor
38:35 Blast Furnace
38:49 Two-Man Saw
38:34 Parthian Tactics
39:24 Plate Mail Armor
39:26 Conscription
40:32 Kataparuto
40:51 Hoardings
40:40 Heavy Cavalry Archer
43:18 Siege Engineers
43:01 Arrowslits
32066588
10:53 Feudal Age
15:22 Double-Bit Axe
20:48 Castle Age
22:37 Husbandry
26:30 Forging
26:27 Scale Barding Armor
33:06 Bow Saw
33:36 Iron Casting
33:22 Chain Barding Armor
33:45 Wheelbarrow
36:19 Imperial Age
36:32 Gold Mining
36:33 Stone Mining
38:07 Blast Furnace
37:43 Plate Barding Armor
36:39 Cavalier
36:49 Pikeman
37:31 Squires
38:40 Fletching
39:18 Hand Cart
38:48 Town Watch
38:50 Loom
39:50 Gold Shaft Mining
40:17 Town Patrol
41:44 Paladin
42:23 Bodkin Arrow
43:04 Caravan
43:24 Gambesons
45:01 Halberdier
47:51 Light Cavalry
48:34 Scale Mail Armor
54:01 Chain Mail Armor
54:37 Arson
54:14 Man-at-Arms
55:42 Plate Mail Armor
55:50 Long Swordsman
57:07 Two-Handed Swordsman
61:17 Two-Handed Swordsman
63:24 Spies/Treason
64:26 Conscription
65:13 Chivalry
海霸天
11:46 Feudal Age
10:02 Loom
12:23 Double-Bit Axe
12:24 Horse Collar
19:52 Wheelbarrow
22:16 Castle Age
22:06 Town Watch
23:59 Bloodlines
24:39 Bow Saw
26:32 Medium Warships
37:03 Fletching
37:14 Padded Archer Armor
37:25 Forging
37:16 Scale Mail Armor
38:16 Ballistics
37:53 Murder Holes
43:24 Imperial Age
43:33 Imperial Age
41:19 Hand Cart
41:39 Tigui
41:51 Bodkin Arrow
42:03 Elite Skirmisher
42:49 Thumb Ring
46:19 Chain Mail Armor
46:39 Iron Casting
48:10 Squires
47:31 Pikeman
47:57 Arson
50:00 Plate Mail Armor
51:46 Leather Archer Armor
56:04 Chemistry
55:10 Elite Gbeto
55:51 Farimba
56:12 Conscription
62:32 Husbandry
Deman501
9:16 Loom
13:13 Feudal Age
27:06 Castle Age
27:45 Crossbowman
28:33 Padded Archer Armor
29:11 Wheelbarrow
28:47 Horse Collar
28:56 Double-Bit Axe
29:04 Gold Mining
29:16 Man-at-Arms
32:17 Long Swordsman
35:52 Leather Archer Armor
36:50 Forging
36:40 Scale Mail Armor
37:59 Bow Saw
41:26 Fletching
42:18 Iron Casting
41:58 Chain Mail Armor
41:56 Squires
43:14 Hand Cart
45:03 Thumb Ring
48:52 Imperial Age
46:24 Stone Mining
46:39 Heavy Plow
48:20 Bodkin Arrow
48:11 Pikeman
52:10 Arbalester
53:28 Ring Archer Armor
52:59 Bracer
53:14 Bracer
55:03 Stone Shaft Mining
55:01 Crop Rotation
55:32 Elite Genoese Crossbowman
60:36 Chemistry
59:56 Masonry
shakerL
11:37 Feudal Age
13:07 Double-Bit Axe
14:37 Wheelbarrow
16:34 Castle Age
14:51 Horse Collar
15:05 Gold Mining
18:12 Heavy Plow
18:24 Bow Saw
18:41 Stone Mining
24:02 Hand Cart
27:03 Stone Shaft Mining
27:06 Gold Shaft Mining
26:47 Pikeman
34:07 Murder Holes
34:22 Fortified Wall
38:51 Imperial Age
36:51 Padded Archer Armor
36:42 Fletching
37:04 Forging
38:28 Husbandry
38:40 Bloodlines
38:21 Town Watch
38:44 Scale Barding Armor
38:39 Scale Mail Armor
40:02 Tusk Swords
39:52 Halberdier
40:52 Town Patrol
42:07 Chemistry
41:27 Ballistics
42:45 Elite Battle Elephant
45:39 Chain Barding Armor
45:55 Iron Casting
48:48 Plate Barding Armor
49:13 Blast Furnace
48:29 Chain Mail Armor
55:20 Clinker Construction
55:21 Careening
54:45 Elite Cannon Galleon
54:50 Demolition Ship
58:25 Guard Tower
Mapuche Mayer
MALA FAMA
4:23 Loom
14:03 Feudal Age
16:04 Double-Bit Axe
16:02 Horse Collar
21:05 Stone Mining
23:41 Castle Age
24:04 Gold Mining
24:56 Wheelbarrow
25:54 Gold Shaft Mining
27:03 Bow Saw
27:03 Heavy Plow
29:21 Crossbowman
30:24 Ballistics
32:51 Corvinian Army
33:51 Hand Cart
39:56 Imperial Age
39:12 Thumb Ring
39:05 Town Watch
40:27 Elite Magyar Huszar
41:30 Conscription
41:14 Recurve Bow
45:01 Chemistry
43:42 Treadmill Crane
43:53 Heated Shot
47:30 Scale Barding Armor
48:37 Arbalester
51:06 Heavy Scorpion
52:38 Masonry
52:24 Murder Holes
52:53 Chain Barding Armor
53:56 Two-Man Saw
53:34 Crop Rotation
58:15 Elite Skirmisher
59:04 Fletching
59:15 Padded Archer Armor
59:54 Plate Barding Armor
61:49 Pikeman
Connection lost

Rejoining the realm…

Still unreachable

The connection could not be restored.

Session expired

The server has moved on; the page needs a fresh start.